Map: 월드 오브 슬리퍼스 - 래더

Players

Armani

  • Race: Zerg Zerg
  • Spawn Location: 1:00

Rogue - Winner!

  • Race: Zerg Zerg
  • Spawn Location: 7:00

Event: IEM Katowice 2020

VOD

Have the link to the VOD?

Description

Time

  • Played on: Feb. 27, 2020, 12:37 p.m.
  • Length: 6:30

All games in this series

Show
View Real Time Build Order
Export as new Build Order

Armani Zerg 

Build Orders: Hatch First 

Get SALT Encoding   

  12  0:00  Drone  
  13  0:12  Overlord  
  13  0:22  Drone  
  14  0:31  Drone x2  
  16  0:48  Hatchery  
  15  0:52  Drone  
  15  0:56  Drone  
  17  0:59  Drone  
  18  1:10  Extractor  
  17  1:14  Spawning Pool  
  17  1:18  Drone  
  17  1:21  Drone  
  18  1:29  Drone  
  19  1:40  Drone  
  20  1:50  Overlord  
  20  2:01  Queen x2  
  22  2:02  Drone x2  
  26  2:11  Metabolic Boost  
  26  2:14  Drone x2  
  29  2:22  Drone  
  29  2:31  Hatchery  
  29  2:36  Drone  
  29  2:41  Queen  
  31  2:49  Baneling Nest  
  30  2:51  Overlord  
  30  2:54  Drone  
  30  2:57  Drone  
  32  2:59  Zergling x2  
  32  3:01  Drone  
  32  3:04  Drone  
  35  3:07  Drone  
  36  3:16  Drone x3  
  36  3:18  Drone  
  40  3:22  Drone  
  41  3:27  Evolution Chamber  
  41  3:29  Zergling x6  
  41  3:32  Drone  
  44  3:36  Overlord  
  44  3:43  Drone  
  44  3:44  Drone x2  
  44  3:45  Drone  
  44  3:46  Extractor, Drone  
  48  3:51  Baneling  
  48  3:53  Drone  
  48  3:56  Zergling x2, Zerg Melee Weapons Level 1  
  48  3:57  Zergling x2  
  48  4:00  Drone  
  51  4:03  Lair  
  51  4:04  Drone x2  
  51  4:06  Drone  
  54  4:11  Roach Warren  
  54  4:12  Drone  
  54  4:15  Drone  
  54  4:16  Drone  
  56  4:17  Drone  
  56  4:20  Drone  
  56  4:23  Extractor  
  57  4:24  Extractor  
  57  4:26  Baneling  
  57  4:27  Drone  
  57  4:28  Drone  
  58  4:32  Overlord x2  
  57  4:51  Drone x3  
  57  4:52  Drone  
  61  4:59  Drone  
  62  5:00  Drone  
  62  5:01  Drone x10  
  62  5:02  Overlord  
  62  5:06  Extractor  
  72  5:08  Extractor  
  72  5:11  Spire, Overlord  
  72  5:12  Overlord  
  72  5:14  Drone  
  71  5:17  Overlord  
  71  5:18  Overseer  
  71  5:19  Overseer  
  67  5:22  Zergling x4  
  67  5:26  Zergling x4  
  71  5:29  Roach  
  71  5:30  Roach  
  73  5:38  Roach x2  
  73  5:39  Roach x2  
  73  5:41  Drone  
  82  5:44  Drone  
  82  5:46  Drone  
  82  5:48  Queen  
  86  5:55  Roach x3  
  92  5:59  Drone x2  
  92  6:01  Drone  
  92  6:03  Drone  
  94  6:17  Ravager  
Show
View Real Time Build Order
Export as new Build Order

Rogue Zerg - Winner!

Build Orders: Hatch First, Roach Nydus 

Get SALT Encoding   

  12  0:00  Drone  
  13  0:12  Overlord  
  13  0:17  Drone  
  14  0:30  Drone  
  14  0:31  Drone  
  16  0:47  Hatchery  
  15  0:50  Drone  
  15  0:54  Drone  
  15  0:57  Drone  
  18  1:08  Extractor  
  17  1:12  Spawning Pool  
  17  1:15  Drone  
  17  1:18  Drone  
  18  1:28  Drone  
  19  1:39  Drone  
  20  1:50  Drone  
  21  1:59  Queen x2  
  21  2:00  Drone, Overlord  
  26  2:11  Drone x2  
  26  2:12  Metabolic Boost  
  30  2:22  Drone x2  
  30  2:32  Zergling x2  
  30  2:33  Hatchery  
  30  2:36  Drone  
  31  2:43  Queen  
  33  2:45  Drone  
  34  2:51  Baneling Nest  
  34  2:54  Overlord  
  34  2:58  Drone  
  34  3:00  Drone  
  34  3:04  Drone  
  36  3:13  Zergling x4, Drone x3  
  36  3:15  Drone  
  36  3:18  Overlord  
  42  3:22  Drone  
  42  3:26  Zergling x2  
  44  3:32  Evolution Chamber  
  44  3:33  Drone  
  44  3:39  Drone x4  
  48  3:44  Lair  
  48  3:46  Drone x3  
  48  3:48  Extractor  
  49  3:55  Drone x3  
  53  3:57  Extractor  
  53  3:58  Extractor  
  53  4:00  Zerg Missile Weapons Level 1  
  51  4:03  Roach Warren  
  51  4:07  Zergling x2  
  51  4:08  Overlord  
  51  4:09  Drone  
  52  4:13  Zergling x2  
  52  4:14  Drone x3  
  56  4:17  Overlord  
  56  4:20  Drone  
  57  4:25  Overlord  
  57  4:28  Drone x3  
  57  4:29  Drone  
  62  4:31  Drone  
  62  4:36  Drone x2  
  62  4:38  Drone  
  65  4:39  Extractor x2  
  65  4:42  Drone  
  65  4:43  Drone x3  
  67  4:46  Glial Reconstitution  
  67  4:50  Roach  
  67  4:52  Roach  
  73  4:53  Roach  
  73  4:57  Roach x2  
  73  4:58  Baneling x2  
  76  5:06  Roach  
  76  5:07  Roach  
  80  5:10  Overlord  
  80  5:12  Overlord x2  
  79  5:22  Roach  
  79  5:23  Overlord x2  
  80  5:29  Roach  
  80  5:30  Roach x4  
  80  5:31  Roach  
  80  5:34  Roach  
  93  5:39  Roach x3  
  93  5:41  Roach  
  101  5:45  Roach x2  
  101  5:49  Baneling x2  
  105  5:54  Roach x2, Nydus Network  
  105  5:55  Roach  
  110  5:57  Roach  
  110  5:59  Roach  
  110  6:01  Roach  
  110  6:02  Roach  
  118  6:10  Roach x2  
  121  6:15  Ravager  

Tags
 
Add a new tag
Caveats
  • Supply blocks, unpowered buildings, or Contaminate may cause inaccurate times.
  • Supply counts are checked every 10 seconds.